 Dungeon Crawl Stone Soup version 0.25.1-2-g60ff931df9 (webtiles) character file.

Game seed: 13027984092768916873

1874 Descartes the Protected (level 9, -1/57 HPs)
             Began as a Formicid Chaos Knight on Aug 13, 2020.
             Was a Plaything of Xom.
             Slain by a mummy (6 damage)
             ... in an ossuary.
             The game lasted 00:13:57 (6242 turns).

Descartes the Protected (Formicid Chaos Knight)     Turns: 6242, Time: 00:13:58

Health: -1/57      AC: 13    Str: 18      XL:     9   Next: 36%
Magic:  9/9        EV:  6    Int:  6 (8)  God:    Xom [.*....]
Gold:   259        SH: 15    Dex: 12      Spells: 4/8 levels left

rFire    + + .     SeeInvis +   a - +0 falchion (chaos)
rCold    + . .     Gourm    .   A - +0 kite shield
rNeg     . . .     Faith    .   y - +0 plate armour
rPois    .         Spirit   .   (helmet unavailable)
rElec    .         Reflect  .   s - scarf {rC+ rF+}
rCorr    .         Harm     .   B - +2 pair of gloves
MR       .....                  (no boots)
Stlth    ..........             (no amulet)
HPRegen  0.19/turn              (no ring)
MPRegen  0.11/turn              (no ring)

@: brilliant
A: permanent stasis, dig shafts and tunnels, four strong arms, antennae 3,
hooves 1, large bone plates 1, deformed body, dopey 2, fire resistance 1, frail
1, mutation resistance 1
a: Dig, Shaft Self, Renounce Religion


You were in an ossuary.
You worshipped Xom.
You were a plaything of Xom.
You were not hungry.

You visited 1 branch of the dungeon, and saw 6 of its levels.
You also visited: Ossuary.

You collected 259 gold pieces.

Inventory:

Hand Weapons
 a - a +0 falchion of chaos (weapon)
 D - a +0 shortbow
Missiles
 g - 216 stones
 h - 85 arrows
 i - 34 sling bullets
 k - 7 javelins
 l - 6 poisoned darts
 o - 12 boomerangs (quivered)
 w - 22 bolts
Armour
 b - a +2 leather armour
 m - a +0 pair of gloves
 q - a +0 chain mail
 s - a scarf of resistance (worn)
 y - a +0 plate armour (worn)
 A - a +0 kite shield (worn)
 B - a +2 pair of gloves (worn)
Magical Staves
 p - an uncursed staff of energy {unknown}
Wands
 j - a wand of iceblast (12)
 t - a wand of polymorph (5)
 E - a wand of acid (6)
Scrolls
 e - 2 scrolls of teleportation {unknown}
 n - a scroll of fog
 r - a scroll of enchant armour {unknown}
 u - 3 scrolls of remove curse {unknown}
 v - a scroll of immolation
Potions
 f - a potion of flight
Comestibles
 c - 3 rations


   Skills:
 - Level 3.2 Fighting
 - Level 3.0 Long Blades
 + Level 10.4 Armour
 - Level 0.8 Dodging
 * Level 7.9 Shields


You had 4 spell levels left.
You knew the following spells:

 Your Spells              Type           Power        Failure   Level  Hunger
a - Pain                  Necr           #...         100%        1    None
b - Conjure Flame         Conj/Fire      #.......     100%        3    None

Your spell library contained the following spells:

 Spells                   Type           Power        Failure   Level  Hunger
 Animate Skeleton         Necr           N/A          100%        1    None
 Magic Dart               Conj           #...         100%        1    None
 Call Imp                 Summ           #.......     100%        2    None
 Slow                     Hex            #.......     100%        2    None
 Mephitic Cloud           Conj/Pois/Air  #.......     100%        3    None
 Vampiric Draining        Necr           #.........   100%        3    None
 Animate Dead             Necr           N/A          100%        4    None
 Agony                    Necr           #.......     100%        5    None
 Blink                    Tloc           Unusable     N/A         2    N/A

Dungeon Overview and Level Annotations

Branches:
Dungeon (6/15)            Ossuary (1/1)
 Temple: D:4-7

Altars:
Kikubaaqudgha
Sif Muna
Vehumet
Xom


Innate Abilities, Weirdness & Mutations

You cannot be hasted, slowed, berserked, paralysed or teleported.
You can dig through walls and to a lower floor.
Your four strong arms can wield two-handed weapons with a shield.
You have a pair of large antennae on your head. (SInv)
You have large cloven feet.
You are partially covered in large bone plates. (SH +4)
Armour fits poorly on your strangely shaped body.
You are very dopey. (Int -4)
Your flesh is heat resistant. (rF+)
You are frail. (-10% HP)
You are somewhat resistant to further mutation.


Message History

* * * LOW HITPOINT WARNING * * *
You closely miss the elf zombie.
The elf zombie is severely damaged.
The elf zombie hits you.
* * * LOW HITPOINT WARNING * * *
You closely miss the elf zombie.
The elf zombie is severely damaged.
You hit the elf zombie.
The elf zombie is severely damaged.
You block the elf zombie's attack. You block the mummy's attack.
You miss the elf zombie.
The elf zombie is severely damaged.
You feel less wooden.
Your scarf of resistance unmelds from your body.
Your +2 pair of gloves unmelds from your body.
Your +0 plate armour unmelds from your body.
You feel resistant to extremes of temperature.
You block the elf zombie's attack. The mummy hits you.
You die...
Xom roars with laughter!

### ###.###
##.....##
#.......#
#.......#
#.......#
*#.Z@M.#
###M### #Z# *
* ###.### * **
##.....## ,,,*
#.......# *Z ,
, *##...∩...##
Z , ,,
,,+...∩∩∩...+Z
, M ,
##...∩...## ,


You could see 2 mummies, an elf zombie (agile) and a centaur zombie.

Vanquished Creatures
  A hornet (shapeshifter) (D:3)
  Menkaure (D:5)
  A sky beast (D:5)
  An ice beast (D:5)
  3 centaurs
  A big kobold (D:4)
  An elf zombie (Ossuary)
  A wyvern zombie (D:4)
  5 scorpions
  3 centaur zombies
  A human zombie (Ossuary)
  A crimson imp (D:5)
  2 jellies
  A bullfrog skeleton (D:4)
  Jessica (D:5)
  2 iguanas
  3 orc wizards
  3 worker ants (D:4)
  A mummy (Ossuary)
  8 adders
  2 shadow imps
  An ooze (D:3)
  2 leopard geckos (D:3)
  17 orcs
  4 giant cockroaches
  6 goblins
  8 hobgoblins
  15 jackals
  6 kobolds
  3 quokkas
  6 bats
  5 frilled lizards
  A quokka skeleton (D:5)
  7 rats
124 creatures vanquished.

Vanquished Creatures (collateral kills)
  2 orc wizards (D:5)
  A worker ant (D:4)
  A leopard gecko (D:5)
  An orc (D:5)
  A giant cockroach (D:4)
6 creatures vanquished.

Vanquished Creatures (others)
  A dart slug (D:1)
1 creature vanquished.

Grand Total: 131 creatures vanquished

Notes
Turn   | Place    | Note
-------+----------+-------------------------------------------
     0 | D:1      | Descartes the Formicid Chaos Knight began the quest for the
                  | Orb.
     0 | D:1      | Reached XP level 1. HP: 18/18 MP: 1/1
   242 | D:1      | Reached XP level 2. HP: 24/24 MP: 2/2
   248 | D:1      | Reached skill level 3 in Armour
   347 | D:1      | XOM: silly message
   450 | D:1      | XOM: silly message
   597 | D:1      | Reached XP level 3. HP: 29/29 MP: 3/3
   810 | D:1      | XOM: god gift: knobbly jewelled staff {god gift}
   887 | D:2      | XOM is BORED!
   902 | D:2      | Reached skill level 4 in Armour
   949 | D:2      | Reached XP level 4. HP: 24/35 MP: 4/4
  1472 | D:3      | Reached skill level 5 in Armour
  1709 | D:3      | Reached XP level 5. HP: 41/41 MP: 5/5
  1747 | D:3      | Reached skill level 6 in Armour
  1763 | D:3      | XOM: confuse monster(s)
  1902 | D:3      | XOM: give mutations
  1902 | D:3      | Gained mutation: Your body sometimes deteriorates upon
                  | taking damage. [Xom's mischief]
  1902 | D:3      | Gained mutation: You are clumsy. (Dex -2) [Xom's mischief]
  1902 | D:3      | Gained mutation: Your body often deteriorates upon taking
                  | damage. [Xom's mischief]
  1902 | D:3      | Gained mutation: You are dopey. (Int -2) [Xom's mischief]
  1950 | D:3      | Noticed a shapeshifter
  1950 | D:3      | a jackal changed into a shapeshifter
  1950 | D:3      | Noticed an unseen horror
  1950 | D:3      | a shapeshifter changed into an unseen horror
  1951 | D:3      | Noticed a hornet
  1951 | D:3      | an unseen horror changed into a hornet
  1958 | D:3      | Reached XP level 6. HP: 44/47 MP: 6/6
  1959 | D:3      | XOM: cast spell 'Summon Butterflies'
  1960 | D:3      | XOM: cast spell 'Olgreb's Toxic Radiance'
  1963 | D:3      | XOM: enchant monster (good)
  1970 | D:3      | Killed a hornet
  1970 | D:3      | Reached skill level 7 in Armour
  1970 | D:3      | Reached XP level 7. HP: 5/52 MP: 7/7
  2284 | D:3      | Learned a level 1 spell: Pain
  2331 | D:3      | Learned a level 3 spell: Conjure Flame
  2758 | D:4      | Reached skill level 8 in Armour
  2850 | D:4      | XOM: noise
  2948 | D:4      | XOM: swap monsters
  3066 | D:4      | XOM: summons friendly ufetubus
  3297 | D:4      | Reached skill level 9 in Armour
  3398 | D:4      | Reached skill level 1 in Shields
  3398 | D:4      | Reached XP level 8. HP: 48/58 MP: 8/8
  3443 | D:4      | XOM: give mutation
  3443 | D:4      | Gained mutation: Armour fits poorly on your strangely
                  | shaped body. [Xom's mischief]
  3539 | D:4      | XOM: give mutations
  3539 | D:4      | Lost mutation: Your body often deteriorates upon taking
                  | damage. [Xom's mischief]
  3539 | D:4      | Gained mutation: You are frail. (-10% HP) [Xom's mischief]
  3539 | D:4      | Gained mutation: You are very dopey. (Int -4) [Xom's
                  | mischief]
  3621 | D:4      | XOM: destruction
  3627 | D:4      | XOM: divination: detect creatures
  4041 | D:5      | Entered Level 5 of the Dungeon
  4044 | D:5      | XOM: swap monsters
  4170 | D:5      | XOM: stat loss: -1 Dex (9/10)
  4344 | D:5      | Found an ancient bone altar of Kikubaaqudgha.
  4344 | D:5      | Found a shimmering blue altar of Sif Muna.
  4345 | D:5      | Found a radiant altar of Vehumet.
  4347 | D:5      | Identified Kikubaaqudgha's Tome of Evil Arts
  4407 | D:5      | Noticed Menkaure
  4417 | D:5      | Killed Menkaure
  4678 | D:5      | Reached skill level 5 in Shields
  4679 | D:5      | XOM: cleaving
  4688 | D:5      | XOM: polymorph crimson imp -> iron imp
  4690 | D:5      | XOM: summons friendly shadow imp
  4756 | D:5      | XOM: enchant monster (bad)
  5074 | D:5      | XOM: fog
  5094 | D:5      | Reached skill level 10 in Armour
  5094 | D:5      | Reached XP level 9. HP: 28/57 MP: 9/9
  5261 | D:5      | XOM: confuse monster(s)
  5315 | D:5      | XOM: god gift: 34 gold pieces
  5340 | D:5      | XOM: give mutations
  5340 | D:5      | Gained mutation: You are somewhat resistant to further
                  | mutation. [Xom's grace]
  5340 | D:5      | Gained mutation: You are resistant to hostile enchantments.
                  | (MR+) [Xom's grace]
  5340 | D:5      | Gained mutation: You have large cloven feet. [Xom's grace]
  5466 | D:5      | XOM: enchant monster (good)
  5490 | D:5      | XOM: fake destruction
  5868 | D:5      | Noticed Jessica
  5876 | D:5      | Killed Jessica
  5884 | D:5      | Found a shimmering blue altar of Sif Muna.
  6022 | D:6      | XOM: scenery: create altars
  6068 | D:6      | XOM: scenery: 1 doors open
  6090 | D:6      | Found a sand-covered staircase.
  6095 | Ossuary  | Entered an ossuary
  6158 | Ossuary  | XOM: potion effect (brilliance)
  6168 | Ossuary  | XOM: divination: magic mapping
  6200 | Ossuary  | XOM: noise
  6203 | Ossuary  | XOM: divination: detect creatures
  6209 | Ossuary  | HP: 1/57 [elf zombie (4)]
  6215 | Ossuary  | Lost mutation: You are resistant to hostile enchantments.
                  | (MR+) [potion of mutation]
  6215 | Ossuary  | Lost mutation: You are clumsy. (Dex -2) [potion of
                  | mutation]
  6215 | Ossuary  | Lost mutation: Your body sometimes deteriorates upon taking
                  | damage. [potion of mutation]
  6215 | Ossuary  | Gained mutation: Your flesh is heat resistant. (rF+)
                  | [potion of mutation]
  6215 | Ossuary  | Gained mutation: You are partially covered in large bone
                  | plates. (SH +4) [potion of mutation]
  6221 | Ossuary  | HP: 3/85 [something (2)]
  6242 | Ossuary  | Slain by a mummy

Illustrated notes

Levels and vault maps discovered:
D:1:      saegor_arrival_miasma, layout_loops_ring, minmay_misc_feat_room
D:2:      layout_rooms
D:3:      layout_loops_ring, first_ration
D:4:      layout_loops_ring
D:5:      layout_loops_ring, grunt_temple_overflow_magic_moments, tgw_sif,
          uniq_menkaure
D:6:      layout_gridville, lemuel_doored_altar, nicolae_ossuary_entry_plus,
          minmay_fire_ice_demons, uniq_maggie
Ossuary:  ossuary_minmay_four_chambers

Skill      XL: |  1  2  3  4  5  6  7  8  9 |
---------------+----------------------------+-----
Armour         | 3 4 5 6 7 9 10 | 10.4
Shields        | 1 6 7 |  7.9
Fighting       | |  3.2
Long Blades    | |  3.0
Dodging        | |  0.8

Action                   |  1- 3 |  4- 6 |  7- 9 || total
-------------------------+-------+-------+-------++-------
Melee: Falchion          |    80 |   122 |   528 ||   730
       Kick              |       |       |    35 ||    35
Throw: Stone             |       |       |     3 ||     3
       Boomerang         |       |       |     5 ||     5
 Abil: Dig               |       |       |     1 ||     1
  Use: Potion            |       |     4 |     5 ||     9
       Scroll            |       |       |     5 ||     5
 Stab: Confused          |       |     1 |     3 ||     4
       Distracted        |       |       |     1 ||     1
       Petrified         |       |       |     3 ||     3
       Paralysed         |       |       |     3 ||     3
  Eat: Chunk             |       |     4 |    11 ||    15
       Ration            |       |       |     1 ||     1
Armor: Leather armour    |    29 |       |       ||    29
       Chain mail        |    12 |   102 |    62 ||   176
       Plate armour      |       |       |   229 ||   229
       Skin              |       |       |    14 ||    14
Dodge: Dodged            |    62 |    73 |   129 ||   264
Block: Kite shield       |       |       |   213 ||   213
       Rpst.: Falchion   |    25 |    22 |    40 ||    87
